 Dungeon Crawl Stone Soup version 0.30.1-4-g462c640d31 (webtiles) character file.

Game seed: 9329876792073005068

117578 growler the Cloud Mage (level 16, -30/99 HPs)
             Began as a Tengu Air Elementalist on Sept 18, 2023.
             Was the Champion of Hepliaklqana.
             Annihilated by a broodmother (32 damage)
             ... on level 2 of the Spider Nest.
             The game lasted 01:34:05 (38279 turns).

growler the Cloud Mage (Tengu Air Elementalist)    Turns: 38279, Time: 01:34:06

Health: -30/99     AC: 11    Str: 11 (12) XL:     16   Next: 74%
Magic:  3/38       EV: 20    Int: 22      God:    Hepliaklqana [******]
Gold:   2786       SH:  6    Dex: 16 (18) Spells: 16/31 levels left

rFire   . . .        w - +5 dagger (elec)
rCold   . . .        t - +0 buckler
rNeg    . . .        V - +2 robe {Will+}
rPois   +            T - +2 hat "Syodd" {Str+2 Dex+3}
rElec   .            z - +2 cloak {rCorr}
rCorr   +            q - +1 pair of gloves
SInv    .            (boots unavailable)
Will    +++..        a - amulet of regeneration
Stlth   ++           n - ring of magical power
HPRegen 1.16/turn    b - ring of Dap Teub {rPois Will+}
MPRegen 0.26/turn

%: no passive effects
@: flying quickly and evasively, slowed, invisible, very slow
A: reduced essence, beak, talons 3, nimble flight
a: Renounce Religion, Recall Ancestor, Ancestor Identity, Transference, Idealise


You were on level 2 of the Spider Nest.
You worshipped Hepliaklqana.
Hepliaklqana was exalted by your worship.
You visited 5 branches of the dungeon, and saw 25 of its levels.
You also visited: Sewer and Gauntlet.

You collected 2786 gold pieces.

Inventory:

Hand Weapons
 w - a +5 dagger of electrocution (weapon)
 y - a +1 dagger of venom
 J - a +3 vampiric dagger
Missiles
 r - 5 throwing nets
Armour
 q - a +1 pair of gloves (worn)
 t - a +0 buckler (worn)
 z - a +2 cloak of preservation (worn)
 T - the +2 hat "Syodd" (worn) {Str+2 Dex+3}
   (You found it in a Gauntlet)

   Str:       It affects your strength (+2).
   Dex:       It affects your dexterity (+3).
 V - a +2 robe of willpower (worn)
Jewellery
 a - an amulet of regeneration (around neck)
 b - the ring of Dap Teub (right hand) {rPois Will+}
   (You took it off a minotaur in a Gauntlet)

   [ring of willpower]

   rPois:     It protects you from poison.
   Will:      It increases your willpower.
 n - a ring of magical power (left hand)
 o - a +5 ring of evasion
 s - a ring of ice
 D - a +4 ring of protection
 S - the ring of Doryhe {Ice Str+6 SInv}
   (You found it in a Gauntlet)

   [ring of ice]

   It enhances your ice magic.
   Str:       It affects your strength (+6).
   rF:        It makes you vulnerable to fire.
   rC:        It protects you from cold.
   SInv:      It lets you see invisible.
 W - a ring of protection from cold
 X - a +6 ring of intelligence
Wands
 x - a wand of charming (4)
 G - a wand of iceblast (3)
 L - a wand of flame (44)
 Q - a wand of mindburst (12)
 R - a wand of polymorph (6)
 U - a wand of light (5)
Scrolls
 d - 3 scrolls of fear
 f - 6 scrolls of identify
 p - 10 scrolls of teleportation
 u - 5 scrolls of vulnerability
 A - 2 scrolls of fog
 F - a scroll of magic mapping
 I - 4 scrolls of amnesia
 K - a scroll of silence
 M - 5 scrolls of immolation
 N - a scroll of blinking
 Y - a scroll of poison
Potions
 c - 9 potions of haste
 g - 2 potions of heal wounds
 i - 2 potions of invisibility
 j - a potion of berserk rage
 k - 3 potions of resistance
 l - 2 potions of curing
 m - 5 potions of flight
 v - 9 potions of brilliance
 B - 9 potions of might
 C - 11 potions of mutation
 E - 2 potions of attraction
 H - 2 potions of cancellation
 O - a potion of lignification
 P - 4 potions of magic


   Skills:
 + Level 16.4 Fighting
 - Level 10.0 Short Blades
 - Level 10.0 Dodging
 + Level 3.1 Stealth
 - Level 7.0 Shields
 + Level 8.3 Spellcasting
 - Level 9.0 Conjurations
 + Level 21.8 Air Magic


You had 16 spell levels left.
You knew the following spells:

 Your Spells              Type           Power      Damage    Failure   Level
a - Shock                 Conj/Air       100%       1d9       0%          1
b - Static Discharge      Conj/Air       100%       2-7/arc   1%          2
c - Swiftness             Air            81%        N/A       0%          3
d - Airstrike             Air            40%        2d(6-22)  0%          4
e - Freezing Cloud        Conj/Ice/Air   26%        6-21      3%          5

Your spell library contained the following spells:

 Spells                   Type           Power      Damage    Failure   Level
 Magic Dart               Conj           100%       1d8       1%          1
 Poisonous Vapours        Pois/Air       100%       N/A       1%          2
 Searing Ray              Conj           96%        2d7       1%          2
 Mephitic Cloud           Conj/Pois/Air  53%        N/A       1%          3
 Summon Lightning Spire   Summ/Air       55%        N/A       1%          4
 Silence                  Hex/Air        27%        N/A       3%          5
 Apportation              Tloc           18%        N/A       10%         1
 Necrotise                Necr           36%        1d5       10%         1
 Slow                     Hex            36%        N/A       10%         1
 Sting                    Tmut/Pois      36%        1d4       10%         1
 Summon Small Mammal      Summ           36%        N/A       10%         1
 Fulminant Prism          Conj/Hex       14%        3d8       14%         4
 Frozen Ramparts          Ice            18%        1d3       28%         3
 Gell's Gravitas          Tloc           9%         N/A       28%         3
 Inner Flame              Hex/Fire       9%         N/A       28%         3
 Portal Projectile        Hex/Tloc       18%        N/A       28%         3
 Summon Guardian Golem    Hex/Summ       9%         N/A       28%         3
 Teleport Other           Tloc           9%         N/A       28%         3
 Ice Form                 Ice/Tmut       9%         N/A       67%         4
 Leda's Liquefaction      Hex/Erth       4%         N/A       67%         4
 Manifold Assault         Tloc           9%         N/A       67%         4
 Summon Ice Beast         Ice/Summ       9%         N/A       67%         4
 Lee's Rapid Deconstruct  Erth           4%         3d5*      95%         5
 Dispersal                Tloc           4%         N/A       100%        6
 Statue Form              Tmut/Erth      6%         N/A       100%        6
 Summon Cactus Giant      Summ           4%         N/A       100%        6
 Enfeeble                 Hex            4%         N/A       100%        7
 Monstrous Menagerie      Summ           4%         N/A       100%        7
 Disjunction              Tloc           4%         N/A       100%        8


Dungeon Overview and Level Annotations

Branches:
Dungeon (15/15)            Temple (1/1) D:4            Lair (5/5) D:8
  Swamp (0/4) Lair:3       Spider (2/4) Lair:3        Slime (0/5) Lair:4
    Orc (2/2) D:11            Elf (0/3) Orc:2        Vaults (0/5) D:13
 Depths (0/4) D:15          Sewer (visited)         Gauntlet (visited)

Altars:
Ashenzari
Cheibriados
Dithmenos
Elyvilon
Fedhas
Gozag
Hepliaklqana
Kikubaaqudgha
Makhleb
Nemelex Xobeh
Okawaru
Qazlal
Ru
Sif Muna
Trog
Uskayaw
Vehumet
Wu Jian
Xom
Yredelemnul
Zin
The Shining One

Shops:
D:12 :   Orc:1 :   Orc:2 ![?[

Portals:
Trove: D:13 (give horn of Geryon)

Annotations:
D:7 3 runed translucent doors, LordJstr's ghost, novice HOFi
D:9 3 runed translucent doors, GasterBasher2's ghost, novice DrBe


Innate Abilities, Weirdness & Mutations

Your life essence is reduced to manifest your ancestor. (-10% HP)
You have a beak for a mouth.
You have claws for feet.
Your magical nature lets you fly swiftly and evasively.


Message History

You are no longer corroded.
The broodmother is engulfed in freezing vapours. x2
You feel yourself speed up.
Being near the torpor snail leaves you feeling lethargic.
Blink to where?
Press: ? - help, Dir - move target
Okay, then.
You fade into invisibility!
Something barely misses you. x2; You block something's attack.
Deactivating autopickup; reactivate with Ctrl-A.
The broodmother bites you!!
* * * LOW HITPOINT WARNING * * *
Unknown command.
You feel much better. Something hits you but does no damage.
Something hits you!
* * * LOW HITPOINT WARNING * * *
You feel clumsy. Something barely misses you.
The broodmother closely misses you. Something closely misses you.
Something hits you but does no damage.
Something stings you but does no damage.
The broodmother completely misses you. Something hits you!
* * * LOW HITPOINT WARNING * * *
You feel clumsy. Something hits you.
* * * LOW HITPOINT WARNING * * *
Something barely misses you.
Unknown command.
Something closely misses you. x2; Something stings you!
* * * LOW HITPOINT WARNING * * *
Unknown command.
You feel much better.
The wolf spider disappears in a puff of smoke!
Something hits you!
* * * LOW HITPOINT WARNING * * *
You feel weakened. Something hits you but does no damage. Something stings you!
* * * LOW HITPOINT WARNING * * *
The culicivora closely misses you. The broodmother bites you!!
You die...

... ##..# ### ##...##
##.. ##..... #...
#..... ### ##..#
#....##.s#. #...#
#..s.......
#<..####..#.##
#..@s..##§w.w#
##.s....#.###.#
###w...w.# ..
#....##.# s#
##....#.# .#
#..†.>.### #
###........#
#######.###....#.###
##^<#.....###.......^


You could see a broodmother (unable to see you), 2 torpor snails and a
culicivora (summoned, unable to see you).

Vanquished Creatures
  Rupert (D:13)
  Frances (D:12)
  Agnes (Spider:2)
  Donald (Orc:2)
  Kirke (D:15)
  Roxanne (Spider:1)
  A ghost moth (Lair:3)
  A broodmother (Spider:2)
  A minotaur (Gauntlet)
  An ettin (Orc:1)
  An entropy weaver (Spider:2)
  3 hydras
  3 vault guards (D:13)
  4 two-headed ogres
  2 boulder beetles
  10 death yaks
  An orc high priest (Orc:2)
  Urug (D:13)
  Sonja (D:10)
  3 skeletal warriors
  3 skysharks
  Lodul (D:14)
  2 deep trolls (D:15)
  2 pharaoh ants
  A sea snake (Lair:5)
  2 orb spiders
  2 wizards (D:15)
  A lindwurm (Lair:5)
  3 deep elf pyromancers
  2 harpies (Lair:5)
  3 cyclopes
  8 orc sorcerers
  3 wolf spiders
  4 manticores
  5 elephants
  9 ugly things (D:14)
  4 oklob plants (Lair:4)
  3 demonic crawlers
  6 black mambas
  A torpor snail (Spider:1)
  A gargoyle (D:12)
  An eye of devastation (Gauntlet)
  6 kobold demonologists
  Maggie (Lair:1)
  20 cane toads
  9 komodo dragons
  2 freezing wraiths
  5 trolls
  3 polar bears
  10 meliai
  12 blink frogs
  Grinder (D:6)
  14 tarantellas
  6 hornets
  A snapping turtle (Lair:5)
  10 jumping spiders
  14 slime creatures
  5 culicivoras
  2 shadows
  3 wraiths
  A vampire (D:13)
  3 wyverns
  A hog (D:15)
  A basilisk (Lair:5)
  19 yaks
  A golden eye (Gauntlet)
  14 redbacks
  2 steam dragons (Lair:5)
  9 vampire mosquitoes
  5 humans (D:13)
  2 wargs (Orc:2)
  2 acid dragons
  11 water moccasins
  17 orc warriors
  2 black bears
  A sky beast (D:6)
  12 ogres
  6 wolves
  A centaur (D:8)
  A hexer (D:14)
  2 phantoms
  5 kobold brigands
  Blork the orc (D:6)
  12 bullfrogs
  A gnoll sergeant (D:7)
  6 scorpions
  10 wights
  17 killer bees
  3 electric eels
  3 howler monkeys (D:8)
  3 jellies
  24 orc priests
  Crazy Yiuf (D:4)
  A gnoll bouda (D:8)
  2 hounds
  5 iguanas
  34 orc wizards
  13 gnolls
  10 adders
  A shadow imp (D:5)
  A white imp (D:7)
  An ufetubus (D:7)
  2 worms
  3 dart slugs
  46 orcs
  11 ball pythons
  7 endoplasms
  5 giant cockroaches
  12 goblins
  8 hobgoblins
  4 jackals
  15 kobolds
  6 quokkas
  4 bats
  5 frilled lizards
  20 rats
645 creatures vanquished.

Vanquished Creatures (collateral kills)
  Jorgrun (D:13)
  A stone giant (D:15)
  2 vault guards (D:13)
  A hydra (Lair:4)
  A merfolk avatar (Lair:5)
  A catoblepas (Lair:3)
  2 death yaks
  An orc knight (D:13)
  A steelbarb worm (Spider:1)
  A wolf spider (Spider:1)
  2 moths of wrath (Spider:1)
  2 ugly things (D:14)
  3 elephants
  A gargoyle (D:11)
  3 cane toads
  2 torpor snails
  Psyche (D:11)
  A komodo dragon (Lair:1)
  A rime drake (Lair:3)
  A kobold demonologist (D:11)
  3 polar bears (Lair:5)
  A troll (Orc:2)
  2 meliai
  2 tarantellas
  A hornet (Lair:3)
  A snapping turtle (Lair:5)
  A blink frog (Lair:3)
  6 slime creatures
  2 jumping spiders
  3 shadows
  A human (D:13)
  9 yaks
  2 vampire mosquitoes
  6 redbacks
  5 orc warriors
  3 wolves
  2 ogres (D:14)
  3 bullfrogs (D:7)
  2 scorpions
  A killer bee (D:7)
  A jelly (D:6)
  2 orc priests (Orc:2)
  10 orc wizards
  2 iguanas
  2 gnolls (D:8)
  A worm (Lair:3)
  14 orcs
117 creatures vanquished.

Vanquished Creatures (others)
  3 humans
  40 hexers
43 creatures vanquished.

Grand Total: 805 creatures vanquished

Notes
Turn   | Place    | Note
-------+----------+-------------------------------------------
     0 | D:1      | growler the Tengu Air Elementalist began the quest for the
                  | Orb.
     0 | D:1      | Reached XP level 1. HP: 10/10 MP: 4/4
   203 | D:1      | Reached XP level 2. HP: 2/15 MP: 4/6
   307 | D:1      | Learned a level 2 spell: Static Discharge
   893 | D:2      | Reached XP level 3. HP: 19/19 MP: 4/7
   897 | D:2      | Learned a level 3 spell: Swiftness
  1260 | D:2      | Reached XP level 4. HP: 14/24 MP: 0/9
  1529 | D:2      | Reached skill level 5 in Air Magic
  1715 | D:2      | Gained mutation: Your magical nature lets you fly swiftly
                  | and evasively. [Tengu growth]
  1715 | D:2      | Reached XP level 5. HP: 28/28 MP: 7/10
  2006 | D:2      | Learned a level 4 spell: Airstrike
  2272 | D:3      | Found a glowing golden altar of the Shining One.
  2694 | D:3      | Found a shimmering altar of Xom.
  3184 | D:4      | Reached skill level 6 in Air Magic
  3184 | D:4      | Reached XP level 6. HP: 32/32 MP: 12/12
  3346 | D:4      | Found a staircase to the Ecumenical Temple.
  3355 | Temple   | Entered the Ecumenical Temple
  3361 | Temple   | Became a worshipper of Hepliaklqana the Forgotten
  3765 | D:4      | Found a runed translucent door.
  3766 | D:4      | Noticed Crazy Yiuf
  3854 | D:4      | Reached skill level 5 in Conjurations
  4188 | D:4      | Killed Crazy Yiuf
  4269 | D:4      | Identified the +10 hammer of Spontaneous Combustion {flame,
                  | rPois rC- Int+3 Stlth+}
  4325 | D:5      | Entered Level 5 of the Dungeon
  4370 | D:5      | Reached XP level 7. HP: 33/36 MP: 14/14
  4457 | D:5      | Found a glowing drain.
  4480 | Sewer    | Entered a sewer
  4553 | Sewer    | Reached skill level 7 in Air Magic
  4829 | D:5      | Reached * piety under Hepliaklqana
  4830 | D:5      | Found a white marble altar of Elyvilon.
  5097 | D:5      | Reached skill level 1 in Fighting
  5391 | D:6      | Found a stormy altar of Qazlal.
  5408 | D:6      | Reached skill level 5 in Spellcasting
  5408 | D:6      | Reached XP level 8. HP: 39/39 MP: 16/16
  5520 | D:6      | Reached skill level 8 in Air Magic
  5947 | D:6      | Found a hide-covered altar of Uskayaw.
  6173 | D:6      | Noticed Blork the orc
  6176 | D:6      | Killed Blork the orc
  6417 | D:6      | Noticed Grinder
  6421 | D:6      | Killed Grinder
  6518 | D:6      | Reached ** piety under Hepliaklqana
  6519 | D:6      | Remembered your ancestor Reggie B. as a hexer
  6857 | D:7      | Noticed a hornet
  6860 | D:7      | Killed a hornet
  6861 | D:7      | Reached skill level 9 in Air Magic
  6946 | D:7      | Found a runed translucent gate.
  6946 | D:7      | Found a runed translucent gate.
  6946 | D:7      | Noticed LordJstr's ghost (novice HOFi)
  6947 | D:7      | Found a runed translucent gate.
  6964 | D:7      | Reached XP level 9. HP: 38/46 MP: 4/19
  7227 | D:7      | Reached skill level 5 in Fighting
  7377 | D:7      | Reached skill level 10 in Air Magic
  7428 | D:7      | Reached skill level 1 in Short Blades
  8150 | D:7      | Noticed a hornet
  8150 | D:7      | Noticed a kobold demonologist
  8177 | D:7      | Killed a hornet
  8178 | D:7      | Noticed an orange demon
  8183 | D:7      | Killed a kobold demonologist
  8184 | D:7      | Reached skill level 11 in Air Magic
  8194 | D:7      | Reached XP level 10. HP: 45/54 MP: 2/20
  9006 | D:8      | Noticed a kobold demonologist
  9006 | D:8      | Noticed a kobold demonologist
  9010 | D:8      | Killed a kobold demonologist
  9011 | D:8      | Reached skill level 5 in Short Blades
  9016 | D:8      | Killed a kobold demonologist
  9017 | D:8      | Reached skill level 12 in Air Magic
  9169 | D:8      | Found a shimmering blue altar of Sif Muna.
  9243 | D:8      | Got Sif Muna's Compendium of Putridity
  9537 | D:8      | Noticed a death yak
  9538 | D:8      | Noticed a death yak
  9538 | D:8      | Noticed a death yak
  9550 | D:8      | Noticed a death yak
  9553 | D:8      | Noticed a death yak
  9559 | D:8      | Killed a death yak
  9566 | D:8      | Killed a death yak
  9566 | D:8      | Killed a death yak
  9567 | D:8      | Reached skill level 13 in Air Magic
  9567 | D:8      | Reached XP level 11. HP: 62/62 MP: 6/21
  9570 | D:8      | Killed a death yak
  9575 | D:8      | Killed a death yak
  9720 | D:8      | Found a staircase to the Lair.
  9770 | D:8      | Reached *** piety under Hepliaklqana
  9934 | D:8      | Found a basalt altar of Yredelemnul.
 10255 | D:9      | Found an iron altar of Okawaru.
 10834 | D:9      | Found a runed translucent gate.
 10834 | D:9      | Found a runed translucent gate.
 10834 | D:9      | Found a runed translucent gate.
 10834 | D:9      | Noticed an 11-headed hydra
 10834 | D:9      | Noticed GasterBasher2's ghost (novice DrBe)
 11292 | D:10     | Entered Level 10 of the Dungeon
 11632 | D:10     | Noticed Sonja
 11636 | D:10     | Killed Sonja
 11637 | D:10     | Reached skill level 14 in Air Magic
 11751 | D:10     | Found a burning altar of Makhleb.
 11768 | D:10     | Noticed a two-headed ogre
 11772 | D:10     | Killed a two-headed ogre
 12133 | D:10     | Reached **** piety under Hepliaklqana
 12173 | D:10     | Found a blossoming altar of Fedhas.
 12403 | D:11     | Noticed a two-headed ogre
 12408 | D:11     | Killed a two-headed ogre
 12427 | D:11     | Reached skill level 10 in Fighting
 12878 | D:11     | Found a staircase to the Orcish Mines.
 13008 | D:11     | Noticed Psyche
 13012 | D:11     | Noticed a sun demon
 13012 | D:11     | Killed Psyche
 13034 | D:11     | Noticed a manticore
 13299 | D:11     | Reached XP level 12. HP: 69/69 MP: 22/22
 13641 | D:11     | Reached skill level 15 in Air Magic
 14007 | Lair:1   | Entered Level 1 of the Lair of Beasts
 14033 | Lair:1   | Reached skill level 10 in Short Blades
 14585 | Lair:1   | Noticed Maggie
 14589 | Lair:1   | Killed Maggie
 15130 | Lair:1   | Learned a level 5 spell: Freezing Cloud
 15135 | Lair:2   | Reached ***** piety under Hepliaklqana
 15465 | Lair:2   | Identified the +4 trident of Xoheis {flame, *Slow Fly rC+
                  | Int+3}
 15588 | Lair:2   | Noticed a boulder beetle
 15594 | Lair:2   | Killed a boulder beetle
 15595 | Lair:2   | Reached skill level 1 in Shields
 15822 | Lair:2   | Reached skill level 16 in Air Magic
 16799 | Lair:3   | Found a gate leading to a gauntlet.
 16809 | Gauntlet | Entered a Gauntlet
 16809 | Gauntlet | Found a transporter.
 16809 | Gauntlet | Found a transporter.
 16813 | Gauntlet | Found a transporter.
 16813 | Gauntlet | Found a transporter.
 16818 | Gauntlet | Noticed a death scarab
 16823 | Gauntlet | Found a transporter.
 16827 | Gauntlet | Found a large runed translucent door.
 16836 | Gauntlet | Found a transporter.
 16844 | Gauntlet | Found a transporter.
 16846 | Gauntlet | Found a transporter.
 16846 | Gauntlet | Found a transporter.
 16850 | Gauntlet | Found a transporter.
 16886 | Gauntlet | Found a transporter.
 16886 | Gauntlet | Found a large runed translucent door.
 16906 | Gauntlet | Found a transporter.
 16951 | Gauntlet | Found a transporter.
 16969 | Gauntlet | Found a transporter.
 17069 | Gauntlet | Found a transporter.
 17071 | Gauntlet | Found a large runed translucent door.
 17071 | Gauntlet | Found a large runed translucent door.
 17072 | Gauntlet | Found a large runed translucent door.
 17072 | Gauntlet | Found a large runed translucent door.
 17073 | Gauntlet | Found a runed translucent door.
 17073 | Gauntlet | Found a large runed translucent door.
 17073 | Gauntlet | Found a runed translucent door.
 17073 | Gauntlet | Found a large runed translucent door.
 17073 | Gauntlet | Found a large runed translucent door.
 17074 | Gauntlet | Found a large runed translucent door.
 17074 | Gauntlet | Found a large runed translucent door.
 17077 | Gauntlet | Found a large runed translucent door.
 17077 | Gauntlet | Found a large runed translucent door.
 17079 | Gauntlet | Found a large runed translucent door.
 17079 | Gauntlet | Found a large runed translucent door.
 17079 | Gauntlet | Found a large runed translucent door.
 17081 | Gauntlet | Found a runed translucent gate.
 17081 | Gauntlet | Found a runed translucent gate.
 17081 | Gauntlet | Found a runed translucent gate.
 17083 | Gauntlet | Found a transporter.
 17715 | Gauntlet | Identified the +8 quarterstaff of Jygu {freeze, Str+5}
 17715 | Gauntlet | Identified the +4 chain mail of Qegeysom {rC+ Int+2}
 17715 | Gauntlet | Identified the ring of Dap Teub {rPois Will+}
 17715 | Gauntlet | Noticed a minotaur
 17815 | Gauntlet | Killed a minotaur
 17816 | Gauntlet | Reached XP level 13. HP: 58/76 MP: 15/23
 17830 | Gauntlet | Identified the +2 hat "Syodd" {Str+2 Dex+3}
 17830 | Gauntlet | Identified the ring of Doryhe {Ice Str+6 SInv}
 17840 | Gauntlet | Got the Vellum of Points
 18044 | Lair:3   | Reached skill level 5 in Dodging
 18412 | Lair:3   | Found a staircase to the Swamp.
 18435 | Lair:3   | Found a hole to the Spider Nest.
 18460 | Lair:3   | Got the Disquisition on United Imprecation
 19638 | Lair:4   | Reached skill level 17 in Air Magic
 19944 | Lair:4   | Reached skill level 5 in Shields
 21112 | Lair:4   | Found a staircase to the Slime Pits.
 21310 | Lair:4   | Identified the +0 robe of Wiwixt {Dex+2}
 21706 | Lair:4   | Reached XP level 14. HP: 64/82 MP: 10/24
 22025 | Lair:5   | Entered Level 5 of the Lair of Beasts
 22025 | Lair:5   | Found a basalt altar of Yredelemnul.
 22037 | Lair:4   | HP: 3/82 [skyshark (22)]
 22837 | Lair:5   | Reached skill level 18 in Air Magic
 24920 | Lair:5   | Identified the scarf of Hepliaklqana's Esteem {shadows,
                  | Will+ Str+6}
 24929 | Lair:5   | Got the Monograph on Generative Obstruction
 25148 | Orc:1    | Entered Level 1 of the Orcish Mines
 25755 | Orc:1    | Found Haorafu's Book Shoppe.
 26022 | Orc:2    | Entered Level 2 of the Orcish Mines
 26406 | Orc:2    | Found a staircase to the Elven Halls.
 26529 | Orc:2    | Noticed Donald
 26555 | Orc:2    | Killed Donald
 27268 | Orc:2    | Reached XP level 15. HP: 90/90 MP: 3/25
 27323 | Orc:2    | Noticed an orc warlord
 27512 | Orc:2    | Reached skill level 19 in Air Magic
 28646 | Orc:2    | Found Udyrefiv's Armour Shoppe.
 28646 | Orc:2    | Found Silic Mese's Armour Emporium.
 28652 | Orc:2    | Found Doghucid's Distillery.
 28652 | Orc:2    | Found Zaghi's Magic Scroll Emporium.
 28852 | D:12     | Reached skill level 10 in Dodging
 29131 | D:12     | Identified the +8 chain mail of the Harp {Will+ Str+3}
 29175 | D:12     | Found Buchac's Book Shop.
 29471 | D:12     | Noticed Frances
 29504 | D:12     | Killed Frances
 29938 | D:13     | Noticed Rupert
 29947 | D:13     | Killed Rupert
 30113 | D:13     | HP: 3/90 [meliai/+0 war axe (6)]
 30510 | D:13     | Identified the +4 war axe of the Heart {flame, *Rage Dex+5}
 30612 | D:13     | Reached skill level 20 in Air Magic
 30855 | D:13     | Noticed Urug
 30865 | D:13     | Killed Urug
 31031 | D:13     | Reached skill level 15 in Fighting
 31296 | D:13     | Found a portal to a secret trove of treasure.
 31365 | D:13     | Found a gate to the Vaults.
 31470 | D:13     | Noticed Jorgrun
 31517 | D:13     | Killed Jorgrun
 31864 | D:14     | Noticed Lodul
 33221 | D:14     | Killed Lodul
 33527 | D:15     | Entered Level 15 of the Dungeon
 33562 | D:15     | Noticed Kirke
 33587 | D:15     | Killed Kirke
 33588 | D:15     | Reached XP level 16. HP: 93/97 MP: 19/26
 33778 | D:15     | Reached ****** piety under Hepliaklqana
 33800 | D:15     | Reached skill level 21 in Air Magic
 34508 | D:15     | Found a staircase to the Depths.
 35064 | Spider:1 | Entered Level 1 of the Spider Nest
 36619 | Spider:1 | Noticed Roxanne
 36632 | Spider:1 | Killed Roxanne
 37930 | Spider:2 | Noticed Agnes
 37937 | Spider:2 | Killed Agnes
 38278 | Spider:2 | HP: 3/99 [something (11)]
 38279 | Spider:2 | Annihilated by a broodmother

Illustrated notes

Levels and vault maps discovered:
D:1:      lightli_arrival_statue_moat, layout_loops_cross,
          minmay_misc_feat_four_crosses, minmay_misc_feat_more_columns,
          corexii_leaking_fountain
D:2:      layout_loops_ring, minmay_three_crescents
D:3:      layout_basic, mainiacjoe_overflow_cross_hatched,
          mainiacjoe_overflow_chevrons, st_stairs_11
D:4:      minmay_chambers_of_twos, layout_rooms,
          minmay_temple_entry_drinking_statues, supply_closet_lemuel,
          abandoned_shop, minmay_rat_hole, uniq_crazy_yiuf_cottage
D:5:      layout_loops_cross, nicolae_elyvilon_peaceful_grove,
          portal_sewer_entry_f
D:6:      wad_pebble_path, layout_layer_cave, mainiacjoe_overflow_brackets,
          nicolae_qazlal_scattered_showers, uniq_blork_the_orc, uniq_grinder
D:7:      layout_loops_ring, gammafunk_ghost_nasty_kobolds,
          minmay_joined_circles
D:8:      layout_basic, led_sif_book, overflow_temple_1_default,
          dpeg_lair_monsters
D:9:      layout_stronghold, okawaru_ov_weapons_minmay,
          gammafunk_ghost_hydra_chop
D:10:     layout_loops_ring, kennysheep_mini_moat,
          mainiacjoe_overflow_boulevard, uniq_sonja
D:11:     layout_long_grid, hiddenorc1_lemuel, uniq_psyche
D:12:     layout_rooms, serial_shops, shop, minivault_1, uniq_frances
D:13:     layout_cave_pods, ximxim_vaults_locker_room, serial_rivers,
          chequers_serial_rivers_small_b, chequers_serial_rivers_micro_e,
          chequers_serial_rivers_micro_a, chequers_serial_rivers_micro_d,
          chequers_serial_rivers_large_a, chequers_serial_rivers_marsh,
          enter_trove_3, amcnicky_mini_corridor_feature, lightli_minifort,
          uniq_jorgrun, uniq_urug, uniq_rupert
D:14:     layout_rooms, kennysheep_cross_bottleneck, uniq_lodul
D:15:     hangedman_depths_entry_civil_slaughter, layout_cave_pools,
          serial_park_square2, uniq_kirke
Temple:   nicolae_temple_no_exploring_needed
Lair:1:   layout_roguey, infiniplex_staircase_pool_2, uniq_maggie
Lair:2:   layout_regular_city, serial_bayou_ford_a
Lair:3:   layout_small_grid, swamp_mist, nicolae_spider_entry_non_spiders,
          gauntlet_entry_generic, nicolae_quartered_pool_medium
Lair:4:   layout_regular_city, minmay_slime_entry_oklob_open,
          nicolae_volcano_entry_hallway, nzn_random_ring
Lair:5:   gammafunk_lair_ancient_temple, layout_big_grid, basic_altar,
          hibernation_bobbens
Spider:1: layout_spider_delve, uniq_roxanne
Spider:2: layout_spider_delve, nicolae_spider_some_kinda_spiderbox, uniq_agnes,
          uniq_nikola
Orc:1:    layout_caves, serial_shops, shop
Orc:2:    st_orc_mages, layout_diamond_mine, special_room, uniq_donald

Skill      XL: |  1  2  3  4  5  6  7  8  9 10 11 12 13 14 15 16 |
---------------+-------------------------------------------------+-----
Conjurations   | 2 3 4 5 6 8 9 |  9.0
Air Magic      | 5 6 7 9 11 13 14 16 17 18 20 21 | 21.8
Spellcasting   | 3 4 5 6 8 |  8.3
Fighting       | 2 4 6 8 10 11 12 13 15 16 | 16.4
Short Blades   | 4 7 9 10 | 10.0
Shields        | 3 6 7 |  7.0
Dodging        | 4 7 9 10 | 10.0
Stealth        | 3 |  3.1

Action                     |  1- 3 |  4- 6 |  7- 9 | 10-12 | 13-15 | 16-18 || total
---------------------------+-------+-------+-------+-------+-------+-------++-------
  Melee: Unarmed           |    15 |     7 |       |       |       |       ||    22
         Peck              |     1 |     2 |    10 |    41 |   186 |    41 ||   281
         Kick              |     1 |       |    18 |    67 |   247 |    59 ||   392
         Dagger            |       |     1 |    46 |   165 |   518 |   121 ||   851
         Punch             |       |       |     1 |       |       |       ||     1
   Cast: Shock             |    43 |   119 |    69 |    22 |     1 |       ||   254
         Static Discharge  |     2 |    18 |    30 |     7 |    22 |     4 ||    83
         Airstrike         |       |     3 |    42 |   242 |   517 |   199 ||  1003
         Swiftness         |       |       |       |     1 |     1 |     1 ||     3
         Freezing Cloud    |       |       |       |       |     5 |     2 ||     7
 Invoke: Ancestor Identity |       |       |     1 |       |       |       ||     1
         Ancestor Life: He |       |       |     1 |       |       |       ||     1
         Recall Ancestor   |       |       |       |     6 |     7 |     2 ||    15
         Transference      |       |       |       |       |     1 |       ||     1
  Evoke: Wand              |       |       |     1 |     9 |       |       ||    10
    Use: Potion            |     2 |       |       |     3 |     6 |     7 ||    18
         Scroll            |       |     7 |       |    21 |    11 |     6 ||    45
   Stab: Distracted        |       |     1 |       |     1 |    14 |       ||    16
         Sleeping          |       |       |     2 |       |     2 |       ||     4
         Confused          |       |       |       |     6 |     9 |     2 ||    17
         Paralysed         |       |       |       |       |    16 |     8 ||    24
         Invisible         |       |       |       |       |       |     1 ||     1
 Armour: Robe              |     5 |     4 |    17 |    22 |    49 |    43 ||   140
         Skin              |     4 |       |       |       |       |       ||     4
  Dodge: Dodged            |     9 |    40 |    68 |   138 |   403 |   202 ||   860
  Block: Buckler           |       |       |       |       |   112 |    44 ||   156
